3AAA
ALASKAN HUMPBACKS @ SIOUX FALLS RED PANDAS
08/11/2028
 
TOP OF THE 1ST
Alaskan Humpbacks batting - Pitching for Sioux Falls Red Pandas : RHP Greg White
Pitching: RHP Greg White
Batting: RHB Augusto Escobar 0-0: Ball
1-0: SINGLE (Groundball, 5D)
Batting: RHB Jack Peck 0-0: Foul Ball, location: 2F
0-1: Ball
1-1: Grounds into double play, 6-4-3 (Groundball, 6)
Batting: RHB Jorge Flores 0-0: DOUBLE (Line Drive, 8LXD)
Batting: RHB Urs van Munster 0-0: Ground out 5-3 (Groundball, 56)
Top of the 1st over - 0 run(s), 2 hit(s), 0 error(s), 1 left on base; Alaskan 0 - Sioux Falls 0
BOTTOM OF THE 1ST
Sioux Falls Red Pandas batting - Pitching for Alaskan Humpbacks : RHP Ira Hipps
Pitching: RHP Ira Hipps
Batting: SHB Raúl Duarte 0-0: Called Strike
0-1: Foul Ball, location: 2F
0-2: Fly out, F7 (Flyball, 7D)
Batting: RHB Alfredo Chávez 0-0: Ball
1-0: Ball
2-0: Ball
3-0: Called Strike
3-1: Base on Balls
Batting: LHB Magali Lenidas 0-0: SINGLE (Flyball, 89M)
Alfredo Chávez to second
Runner from 2nd tries for 3rd, SAFE, throw made to third
Magali Lenidas to second
Batting: RHB Alan Rosales 0-0: Ball
1-0: Called Strike
1-1: Foul Ball, location: 2F
1-2: Ball
2-2: Foul Ball, location: 2F
2-2: Ball
3-2: Fly out, F1 (Line Drive, 15S)
Batting: LHB Toyokazu Asano 0-0: Called Strike
0-1: Ball
1-1: SINGLE (Groundball, 4D)
Alfredo Chávez scores
Magali Lenidas to third
Runner from 3rd tries for Home, SAFE, throw made home
Batting: RHB Jon Erickson 0-0: Ball
1-0: Called Strike
1-1: Ball
Wild Pitch!
Toyokazu Asano to second
2-1: Foul Ball, location: 2F
2-2: Ball
3-2: Reached on error, E5 (Groundball, 5L)
Toyokazu Asano to third
Batting: RHB Tim Barnes 0-0: Ball
1-0: Ball
2-0: Called Strike
2-1: Ball
3-1: Foul Ball, location: 2F
3-2: Foul Ball, location: 2F
3-2: Base on Balls
Jon Erickson to second
Batting: RHB Mark Allen 0-0: Called Strike
0-1: Ball
1-1: Ball
2-1: Ball
3-1: Base on Balls
Toyokazu Asano scores
Jon Erickson to third
Tim Barnes to second
Batting: RHB Nathan Landrum 0-0: Called Strike
0-1: Fielders Choice at 2nd, 5-4 (Groundball, 56)
Bottom of the 1st over - 3 run(s), 2 hit(s), 1 error(s), 2 left on base; Alaskan 0 - Sioux Falls 3
TOP OF THE 2ND
Alaskan Humpbacks batting - Pitching for Sioux Falls Red Pandas : RHP Greg White
Batting: LHB Miguel Martínez 0-0: Called Strike
0-1: Ball
1-1: Ball
2-1: Foul Ball, location: 2F
2-2: Ball
3-2: Base on Balls
Batting: RHB Michael Riley 0-0: Ground out 5-3 (Groundball, 56S)
Miguel Martínez to second
Batting: LHB Kelly Drijver 0-0: Ball
1-0: Foul Ball, location: 2F
1-1: Ball
2-1: Ball
3-1: 2-RUN HOME RUN (Flyball, 9D), Distance : 389 ft
Batting: RHB Gregory Shankland 0-0: Called Strike
0-1: Ball
1-1: Ball
2-1: Ball
3-1: Called Strike
3-2: Base on Balls
Batting: RHB José López 0-0: Swinging Strike
0-1: Ball
1-1: Foul Ball, location: 2F
1-2: Grounds into double play, 4-6-3 (Groundball, 4)
Top of the 2nd over - 2 run(s), 1 hit(s), 0 error(s), 0 left on base; Alaskan 2 - Sioux Falls 3
BOTTOM OF THE 2ND
Sioux Falls Red Pandas batting - Pitching for Alaskan Humpbacks : RHP Ira Hipps
Batting: SHB Raúl Duarte 0-0: Ball
1-0: Foul Ball, location: 2F
1-1: Foul Ball, location: 2F
1-2: Ball
2-2: Fly out, F4 (Line Drive, 34D)
Batting: RHB Alfredo Chávez 0-0: Called Strike
0-1: Ball
1-1: Ball
2-1: Foul Ball, location: 2F
2-2: Foul Ball, location: 2F
2-2: Strikes out swinging
Batting: LHB Magali Lenidas 0-0: Ball
1-0: Called Strike
1-1: Called Strike
1-2: Fly out, F7 (Flyball, 7S)
Bottom of the 2nd over - 0 run(s), 0 hit(s), 0 error(s), 0 left on base; Alaskan 2 - Sioux Falls 3
TOP OF THE 3RD
Alaskan Humpbacks batting - Pitching for Sioux Falls Red Pandas : RHP Greg White
Batting: RHB Augusto Escobar 0-0: Called Strike
0-1: Swinging Strike
0-2: Ball
1-2: Strikes out swinging
Batting: RHB Jack Peck 0-0: Ball
1-0: Foul Ball, location: 2F
1-1: Ball
2-1: Reached on error, E4 (Popup, 4D)
Batting: RHB Jorge Flores 0-0: Called Strike
0-1: Swinging Strike
0-2: Foul Ball, location: 2F
0-2: Ball
1-2: Ground out 5-3 (Groundball, 56S)
Jack Peck to second
Batting: RHB Urs van Munster 0-0: Swinging Strike
0-1: Ball
1-1: Swinging Strike
1-2: SINGLE (Line Drive, 78M)
Jack Peck to third
Runner from 3rd tries for Home, SAFE, no throw
Batting: LHB Miguel Martínez 0-0: Ball
1-0: Ball
Urs van Munster steals 2nd base
2-0: Ball
3-0: Called Strike
3-1: Called Strike
3-2: Foul Ball, location: 2F
3-2: Ground out 4-3 (Groundball, 4S)
Top of the 3rd over - 1 run(s), 1 hit(s), 1 error(s), 1 left on base; Alaskan 3 - Sioux Falls 3
BOTTOM OF THE 3RD
Sioux Falls Red Pandas batting - Pitching for Alaskan Humpbacks : RHP Ira Hipps
Batting: RHB Alan Rosales 0-0: Called Strike
0-1: Ball
1-1: Ground out 5-3 (Groundball, 56S)
Batting: LHB Toyokazu Asano 0-0: Called Strike
0-1: Ground out 6-3 (Groundball, 6)
Batting: RHB Jon Erickson 0-0: Ball
1-0: Foul Ball, location: 2F
1-1: Ball
2-1: Ball
3-1: DOUBLE (Line Drive, 7LM)
Pinch Runner at 2nd Joe Sutton:
Batting: RHB Tim Barnes 0-0: Ground out 6-3 (Groundball, 6S)
Bottom of the 3rd over - 0 run(s), 1 hit(s), 0 error(s), 1 left on base; Alaskan 3 - Sioux Falls 3
TOP OF THE 4TH
Alaskan Humpbacks batting - Pitching for Sioux Falls Red Pandas : RHP Greg White
Now at 2B: Joe Sutton
Batting: RHB Michael Riley 0-0: Called Strike
0-1: Ground out 5-3 (Groundball, 5)
Batting: LHB Kelly Drijver 0-0: Ball
1-0: Ball
2-0: Ball
3-0: Called Strike
3-1: DOUBLE (Line Drive, 78D)
Batting: RHB Gregory Shankland 0-0: Ball
1-0: SINGLE (Flyball, 8LM)
Kelly Drijver to third
Batting: RHB José López 0-0: Fly out, F6 (Line Drive, 6M)
Batting: RHB Augusto Escobar 0-0: Ball
1-0: Swinging Strike
1-1: Ball
2-1: Swinging Strike
2-2: Strikes out swinging
Top of the 4th over - 0 run(s), 2 hit(s), 0 error(s), 2 left on base; Alaskan 3 - Sioux Falls 3
BOTTOM OF THE 4TH
Sioux Falls Red Pandas batting - Pitching for Alaskan Humpbacks : RHP Ira Hipps
Batting: RHB Mark Allen 0-0: Ground out 6-3 (Groundball, 6)
Batting: RHB Nathan Landrum 0-0: Called Strike
0-1: Ball
1-1: Ball
2-1: Foul Ball, location: 2F
2-2: Foul Ball, location: 2F
2-2: SINGLE (Groundball, 6MD)
Batting: SHB Raúl Duarte 0-0: Ball
1-0: Fielders Choice at 2nd, 1-6 (Groundball, P)
Batting: RHB Alfredo Chávez 0-0: Ball
1-0: Called Strike
1-1: Ball
2-1: Ball
3-1: Foul Ball, location: 2F
3-2: Ground out 5-3 (Groundball, 56)
Bottom of the 4th over - 0 run(s), 1 hit(s), 0 error(s), 1 left on base; Alaskan 3 - Sioux Falls 3
TOP OF THE 5TH
Alaskan Humpbacks batting - Pitching for Sioux Falls Red Pandas : RHP Greg White
Batting: RHB Jack Peck 0-0: Foul Ball, location: 2F
0-1: Ball
1-1: Ball
2-1: SINGLE (Groundball, 4) (infield hit)
Batting: RHB Jorge Flores 0-0: Ball
1-0: Foul Ball, location: 2F
1-1: Foul Ball, location: 2F
1-2: Strikes out swinging
Batting: RHB Urs van Munster 0-0: Called Strike
0-1: Ball
1-1: Foul Ball, location: 2F
1-2: Fly out, F8 (Flyball, 8LM)
Batting: LHB Miguel Martínez 0-0: Foul Ball, location: 2F
0-1: Called Strike
0-2: DOUBLE (Groundball, 3L)
Jack Peck to third
Batting: RHB Michael Riley 0-0: Called Strike
0-1: Swinging Strike
0-2: Ball
1-2: Foul Ball, location: 2F
1-2: Ball
2-2: Strikes out swinging
Top of the 5th over - 0 run(s), 2 hit(s), 0 error(s), 2 left on base; Alaskan 3 - Sioux Falls 3
BOTTOM OF THE 5TH
Sioux Falls Red Pandas batting - Pitching for Alaskan Humpbacks : RHP Ira Hipps
Batting: LHB Magali Lenidas 0-0: Called Strike
0-1: Swinging Strike
0-2: Ball
1-2: Foul Ball, location: 2F
1-2: Ball
2-2: Foul Ball, location: 2F
2-2: Ground out 4-3 (Groundball, 4)
Pitching: RHP Makoto Kato
Batting: RHB Alan Rosales 0-0: Ball
1-0: Foul Ball, location: 2F
1-1: Foul Ball, location: 2F
1-2: Ball
2-2: Foul Ball, location: 2F
2-2: Foul Ball, location: 2F
2-2: DOUBLE (Flyball, 9)
Batting: LHB Toyokazu Asano 0-0: Ball
1-0: TRIPLE (Flyball, 89XD)
Alan Rosales scores
Batting: LHB Joe Sutton 0-0: Foul Ball, location: 2F
0-1: Ball
1-1: Ground out 4-3 (Groundball, 4)
Batting: RHB Tim Barnes 0-0: Swinging Strike
0-1: Swinging Strike
0-2: Ball
1-2: Foul Ball, location: 2F
1-2: Ground out 1-3 (Groundball, 13)
Bottom of the 5th over - 1 run(s), 2 hit(s), 0 error(s), 1 left on base; Alaskan 3 - Sioux Falls 4
TOP OF THE 6TH
Alaskan Humpbacks batting - Pitching for Sioux Falls Red Pandas : RHP Greg White
Pitching: RHP Jim Washington
Batting: LHB Kelly Drijver 0-0: Ball
1-0: Ground out 6-3 (Groundball, 6)
Batting: RHB Gregory Shankland 0-0: Ball
1-0: Foul Ball, location: 2F
1-1: Foul Ball, location: 2F
1-2: Ball
2-2: Ball
3-2: DOUBLE (Line Drive, 89D) - OUT at third base trying to stretch hit.
Batting: RHB José López 0-0: Called Strike
0-1: Reached on error, E6 (Groundball, 6S)
Batting: RHB Augusto Escobar 0-0: Ground out 5-3 (Groundball, 56S)
Top of the 6th over - 0 run(s), 1 hit(s), 1 error(s), 1 left on base; Alaskan 3 - Sioux Falls 4
BOTTOM OF THE 6TH
Sioux Falls Red Pandas batting - Pitching for Alaskan Humpbacks : RHP Makoto Kato
Batting: RHB Mark Allen 0-0: Ball
1-0: Ball
2-0: SINGLE (Flyball, 89S)
Batting: RHB Nathan Landrum 0-0: Grounds into double play, 6-4-3 (Groundball, 6)
Batting: SHB Raúl Duarte 0-0: Called Strike
0-1: Ground out 1-3 (Groundball, 13S)
Bottom of the 6th over - 0 run(s), 1 hit(s), 0 error(s), 0 left on base; Alaskan 3 - Sioux Falls 4
TOP OF THE 7TH
Alaskan Humpbacks batting - Pitching for Sioux Falls Red Pandas : RHP Jim Washington
Batting: RHB Jack Peck 0-0: Ball
1-0: Foul Ball, location: 2F
1-1: Called Strike
1-2: Fly out, F9 (Flyball, 9D)
Batting: RHB Jorge Flores 0-0: Ball
1-0: Called Strike
1-1: Called Strike
1-2: Fly out, F7 (Line Drive, 7LM)
Batting: RHB Urs van Munster 0-0: DOUBLE (Line Drive, 7LM)
Batting: LHB Miguel Martínez 0-0: Ball
1-0: Ball
2-0: Ball
3-0: Called Strike
3-1: Base on Balls
Pinch Hitting: SHB David Henderson 0-0: Called Strike
0-1: Foul Ball, location: 2F
0-2: Ball
1-2: Foul Ball, location: 2F
1-2: Fly out, F7 (Flyball, 78S)
Top of the 7th over - 0 run(s), 1 hit(s), 0 error(s), 2 left on base; Alaskan 3 - Sioux Falls 4
BOTTOM OF THE 7TH
Sioux Falls Red Pandas batting - Pitching for Alaskan Humpbacks : RHP Makoto Kato
Now in LF: David Henderson
Batting: RHB Alfredo Chávez 0-0: Fly out, F8 (Flyball, 8LXD)
Batting: LHB Magali Lenidas 0-0: Ball
1-0: Called Strike
1-1: Ball
2-1: Ball
3-1: Swinging Strike
3-2: Foul Ball, location: 2F
3-2: Foul Ball, location: 2F
3-2: Base on Balls
Batting: RHB Alan Rosales 0-0: Swinging Strike
0-1: Called Strike
Magali Lenidas steals 2nd base
0-2: Ground out 2-3 (Groundball, 2L)
Magali Lenidas to third
Batting: LHB Toyokazu Asano 0-0: Called Strike
0-1: Swinging Strike
0-2: Ground out 6-3 (Groundball, 6)
Bottom of the 7th over - 0 run(s), 0 hit(s), 0 error(s), 1 left on base; Alaskan 3 - Sioux Falls 4
TOP OF THE 8TH
Alaskan Humpbacks batting - Pitching for Sioux Falls Red Pandas : RHP Jim Washington
Pitching: LHP Ordono Lima
Now at C: Esteban Casillas
Batting: LHB Kelly Drijver 0-0: Ball
1-0: Foul Ball, location: 2F
1-1: Ground out 4-3 (Groundball, 4D)
Pitching: RHP Mike Keys
Batting: RHB Gregory Shankland 0-0: Fly out, F9 (Flyball, 89S)
Batting: RHB José López 0-0: Ball
1-0: Foul Ball, location: 2F
1-1: Swinging Strike
1-2: Foul Ball, location: 2F
1-2: Ball
2-2: Fly out, F4 (Popup, 4M)
Top of the 8th over - 0 run(s), 0 hit(s), 0 error(s), 0 left on base; Alaskan 3 - Sioux Falls 4
BOTTOM OF THE 8TH
Sioux Falls Red Pandas batting - Pitching for Alaskan Humpbacks : RHP Makoto Kato
Batting: LHB Joe Sutton 0-0: DOUBLE (Flyball, 8RD)
Batting: RHB Tim Barnes 0-0: Called Strike
0-1: Ball
1-1: Ball
2-1: Called Strike
2-2: Strikes out swinging
Batting: RHB Mark Allen 0-0: Called Strike
0-1: Called Strike
0-2: Strikes out swinging
Batting: RHB Nathan Landrum 0-0: Called Strike
0-1: Ball
1-1: Swinging Strike
1-2: Foul Ball, location: 2F
1-2: Ball
2-2: Ball
3-2: DOUBLE (Line Drive, 78M)
Joe Sutton scores
Pitching: LHP José Reyna
Batting: SHB Raúl Duarte 0-0: DOUBLE (Line Drive, 8LXD)
Nathan Landrum scores
Batting: RHB Alfredo Chávez 0-0: Ball
1-0: Called Strike
1-1: Called Strike
1-2: Ground out 6-3 (Groundball, 6)
Bottom of the 8th over - 2 run(s), 3 hit(s), 0 error(s), 1 left on base; Alaskan 3 - Sioux Falls 6
TOP OF THE 9TH
Alaskan Humpbacks batting - Pitching for Sioux Falls Red Pandas : RHP Mike Keys
Pitching: RHP Wyatt Meek
Batting: RHB Augusto Escobar 0-0: Fly out, F9 (Line Drive, 89M)
Batting: RHB Jack Peck 0-0: Ball
1-0: Foul Ball, location: 2F
1-1: Ball
2-1: Foul Ball, location: 2F
2-2: Ball
3-2: Base on Balls
Batting: RHB Jorge Flores 0-0: Foul Ball, location: 2F
0-1: Ball
1-1: Swinging Strike
1-2: Strikes out looking
Batting: RHB Urs van Munster 0-0: Ball
1-0: Ball
2-0: Ball
3-0: Base on Balls
Jack Peck to second
Batting: LHB Miguel Martínez 0-0: Foul Ball, location: 2F
0-1: Fielders Choice at 2nd, 4-6 (Groundball, 4)
Top of the 9th over - 0 run(s), 0 hit(s), 0 error(s), 1 left on base; Alaskan 3 - Sioux Falls 6
Thursday, August 24th, 2017 - OOTP Baseball 17.12 Build 75